 Dungeon Crawl Stone Soup version 0.25-a0-544-gee0576305d (webtiles) character file.

Game seed: 6596810233655803618, levelgen mode: deterministic

38 vurker the Gusty (level 3, 15/15 HPs)
             Began as a Felid Air Elementalist on Feb 20, 2020.
             Quit the game on level 2 of the Dungeon.
             The game lasted 00:02:53 (2027 turns).

vurker the Gusty (Felid Air Elementalist)           Turns: 2027, Time: 00:02:54

Health: 15/15      AC:  1    Str:  4    XL:     3   Next: 25%
Magic:  8/8        EV: 18    Int: 17    God:
Gold:   46         SH:  0    Dex: 16    Spells: 6/7 levels left
                                        Lives:  0   Deaths: 1

rFire    . . .     SeeInvis +   (weapon unavailable)
rCold    . . .     Gourm    .   (shield unavailable)
rNeg     . . .     Faith    .   (armour unavailable)
rPois    .         Spirit   .   (helmet unavailable)
rElec    .         Reflect  .   (cloak unavailable)
rCorr    .         Harm     .   (gloves unavailable)
MR       .....                  (boots unavailable)
Stlth    ++........             (no amulet)
HPRegen  0.05/turn              g - ring of attention (curse)
MPRegen  0.11/turn              (no ring)

@: quick
A: very small, no armour, no weapons or thrown items, stealth, claws 1, fangs 3,
see invisible, carnivore, speed 1, shaggy fur 1, slow metabolism 1, sharp paws
a: no special abilities


You were on level 2 of the Dungeon.
You were not hungry.

You visited 1 branch of the dungeon, and saw 2 of its levels.

You collected 46 gold pieces.

Inventory:

Jewellery
 g - a cursed ring of attention (left paw)
   (You found it on level 2 of the Dungeon)
Scrolls
 d - a scroll of identify
Potions
 a - a potion of heal wounds
 c - a potion of invisibility
Comestibles
 e - 2 rations
 i - 4 chunks of flesh


   Skills:
 + Level 1.3 Fighting
 - Level 2.6 Dodging
 - Level 2.6 Stealth
 * Level 2.9 Spellcasting
 + Level 1.5 Conjurations
 * Level 3.5 Air Magic


You had 6 spell levels left.
You knew the following spells:

 Your Spells              Type           Power        Failure   Level  Hunger
a - Shock                 Conj/Air       ##..         6%          1    None

Your spell library contained the following spells:

 Spells                   Type           Power        Failure   Level  Hunger
 Swiftness                Chrm/Air       #.......     13%         2    ##.....
 Static Discharge         Conj/Air       ##......     19%         3    ###....
 Airstrike                Air            ##........   38%         4    ####...
 Lightning Bolt           Conj/Air       ##........   86%         5    ######.


Dungeon Overview and Level Annotations

Branches:
Dungeon (2/15)

Altars:
Dithmenos
Makhleb
Sif Muna


Innate Abilities, Weirdness & Mutations

You cannot wear armour.
You are incapable of wielding weapons or throwing items.
Your paws allow you to move quietly. (Stealth)
You have sharp claws.
You have razor-sharp teeth.
You have supernaturally acute eyesight. (SInv)
You are carnivorous and can eat meat at any time.
You cover ground quickly.
You are covered in fur. (AC +1)
You have a slow metabolism.
Your sharp claws are effective at attacking unaware monsters.


Message History

A goblin is nearby!
Found a silvery potion and 11 gold pieces.
The goblin shouts!
A kobold comes into view. It is wielding a +0 short sword.
The goblin hits you but does no damage.
The kobold shouts!
You scratch the goblin. The goblin closely misses you.
You barely miss the goblin. The goblin barely misses you.
You scratch the goblin.
You kill the goblin!
Things that are here:
a scroll of identify; a goblin corpse You scratch the kobold but do no damage.
The kobold misses you.
You scratch the kobold. The kobold misses you.
You barely miss the kobold. The kobold completely misses you.
You barely miss the kobold. The kobold completely misses you.
Aim: a kobold, wielding a +0 short sword (severely wounded)
The zap misses the kobold.
The kobold hits you with a +0 short sword.
Aim: a kobold, wielding a +0 short sword (severely wounded)
The zap misses the kobold.
The kobold misses you.
Aim: a kobold, wielding a +0 short sword (severely wounded)
The zap misses the kobold.
The kobold closely misses you.
A kobold is nearby!
You closely miss the kobold.
The kobold hits you with a +0 short sword.
* * * LOW HITPOINT WARNING * * *
You are too injured to fight recklessly!
You scratch the kobold but do no damage.
You bite the kobold, but do no damage. The kobold misses you.
You barely miss the kobold. Your bite misses the kobold. The kobold misses you.
You closely miss the kobold.
The kobold hits you with a +0 short sword.
* * * LOW HITPOINT WARNING * * *
You scratch the kobold but do no damage.
The kobold misses you.
You scratch the kobold but do no damage.
The kobold barely misses you.
You scratch the kobold but do no damage.
The kobold barely misses you.
You closely miss the kobold. The kobold misses you.
Aim: a kobold, wielding a +0 short sword (moderately wounded)
The zap hits the kobold.
The kobold barely misses you.
Unknown command.
You barely miss the kobold.
The kobold hits you with a +0 short sword.
You die...
You are now level 3!
You rejoin the land of the living...

####################
#...................
#.#################.
#.#...# #. #.#.#.# ###
#.
#####.#@#.####.########.
#.......#<...#........#.
#.......##.#.#.#####..#.
#..._......#.#..........
#.._8_.#####.#..#.#.#...
##...........#........#.
#.....####..#..#.#.#.##
#..#.....#..#..........
#..#.#.#.#..#.^#.#.#..#


There were no monsters in sight!

Vanquished Creatures
  A worker ant (D:2)
  2 oozes
  2 worms (D:2)
  A dart slug (D:1)
  4 bats (D:1)
  5 giant cockroaches
  4 goblins (D:2)
  2 hobgoblins (D:1)
  10 jackals
  A ball python (D:2)
  4 frilled lizards
  2 kobolds (D:1)
  7 rats
  A toadstool (D:1)
46 creatures vanquished.

Vanquished Creatures (others)
  3 toadstools (D:1)
3 creatures vanquished.

Grand Total: 49 creatures vanquished

Notes
Turn   | Place    | Note
-------+----------+-------------------------------------------
     0 | D:1      | vurker the Felid Air Elementalist began the quest for the
                  | Orb.
     0 | D:1      | Reached XP level 1. HP: 7/7 MP: 4/4
   166 | D:1      | Reached skill level 1 in Conjurations
   251 | D:1      | Reached XP level 2. HP: 12/12 MP: 0/6
   324 | D:1      | Reached skill level 3 in Air Magic
   733 | D:1      | Reached XP level 3. HP: 15/15 MP: 1/7
   877 | D:1      | Reached skill level 1 in Fighting
  1150 | D:2      | Found a burning altar of Makhleb.
  1150 | D:2      | Found a shadowy altar of Dithmenos.
  1150 | D:2      | Found a shimmering blue altar of Sif Muna.
  1654 | D:2      | Reached XP level 4. HP: 6/19 MP: 0/9
  2026 | D:2      | Slain by a kobold
  2027 | D:2      | Reached XP level 3. HP: 0/15 MP: 0/8
  2027 | D:2      | Quit the game

Levels and vault maps discovered:
D:1:      ldierk_water_garden, layout_rooms
D:2:      layout_basic, chequers_temple_overflow_statue_of_worship,
          vehumet_crystals, serial_glass, glass_columns_a, glass_columns_c,
          glass_columns_b, glass_columns_a, glass_columns_b, glass_columns_a,
          minmay_misc_feat_four_crosses, uniq_crazy_yiuf_cottage

Skill      XL: |  1  2  3 |
---------------+----------+-----
Conjurations   | 1 |  1.5
Air Magic      | 3 |  3.5
Fighting       | 1 |  1.3
Dodging        | |  2.6
Stealth        | |  2.6
Spellcasting   | |  2.9

Action                   |  1- 3 |  4- 6 || total
-------------------------+-------+-------++-------
Melee: Unarmed           |    19 |    47 ||    66
       Bite              |     1 |     5 ||     6
 Cast: Shock             |    76 |    20 ||    96
  Use: Potion            |     2 |       ||     2
       Scroll            |       |     4 ||     4
  Eat: Chunk             |     8 |     2 ||    10
Armor: Skin              |       |     2 ||     2
Dodge: Dodged            |    29 |    61 ||    90

Table legend:
 A = Non-vault XP
 B = Vault XP
 C = Vault XP percentage of total XP
 D = Non-vault monster count
 E = Vault monster count
 F = Vault count percentage of total count
                 A         B        C        D         E       F
            +---------+---------+-------+---------+---------+-------
      Total |     122 |       0 |   0.0 |      45 |       0 |   0.0
            +---------+---------+-------+---------+---------+-------
        D:1 |      49 |       0 |   0.0 |      26 |       0 |   0.0
        D:2 |      73 |       0 |   0.0 |      19 |       0 |   0.0
            +---------+---------+-------+---------+---------+-------
